 Dungeon Crawl Stone Soup version 0.25-a0-447-gff83419037 (webtiles) character file.

Game seed: 13062681190986785849, levelgen mode: deterministic

119 Emblim88 the Shooter (level 4, -8/37 HPs)
             Began as a Centaur Hunter on Jan 30, 2020.
             Killed by divine providence
             ... invoked by an orc priest
              (11 damage)
             ... on level 3 of the Dungeon.
             The game lasted 00:02:49 (1925 turns).

Emblim88 the Shooter (Centaur Hunter)               Turns: 1925, Time: 00:02:49

Health: -8/37      AC:  4    Str: 15    XL:     4   Next: 74%
Magic:  4/4        EV:  9    Int: 15    God:
Gold:   93         SH:  0    Dex: 10    Spells: 3/3 levels left

rFire    . . .     SeeInvis .   b - +0 short sword
rCold    . . .     Gourm    .   (no shield)
rNeg     . . .     Faith    .   c - +0 leather armour
rPois    .         Spirit   .   (no helmet)
rElec    .         Reflect  .   (no cloak)
rCorr    .         Harm     .   (no gloves)
MR       .....                  (no barding)
Stlth    +.........             e - amulet of the acrobat
HPRegen  0.12/turn              (no ring)
MPRegen  0.09/turn              (no ring)

@: brilliant, hasted, lightly drained, very quick
A: large, hooves 3, deformed body, speed 2, tough skin 3
a: no special abilities


You were on level 3 of the Dungeon.
You were hungry.

You visited 1 branch of the dungeon, and saw 3 of its levels.

You collected 93 gold pieces.

Inventory:

Hand Weapons
 a - a +1 shortbow
 b - a +0 short sword (weapon)
Missiles
 d - 3 arrows
Armour
 c - a +0 leather armour (worn)
Jewellery
 e - an amulet of the acrobat (around neck)
Scrolls
 g - a scroll of random uselessness {unknown}
 i - a scroll of immolation {unknown}
 j - 2 scrolls of remove curse {unknown}
 k - 4 scrolls of identify {unknown}
 m - a scroll of magic mapping {unknown}
 o - a scroll of noise {unknown}
Comestibles
 f - 2 rations


   Skills:
 + Level 2.5(2.3) Fighting
 + Level 1.4(1.3) Short Blades
 + Level 6.6(6.4) Bows
 + Level 1.0(0.8) Armour
 + Level 1.9(1.7) Dodging
 + Level 0.4(0.2) Stealth


You had 3 spell levels left.
You didn't know any spells.
Your spell library was empty.

Dungeon Overview and Level Annotations

Branches:
Dungeon (3/15)

Altars:


Innate Abilities, Weirdness & Mutations

You have hooves in place of feet.
Armour fits poorly on your strangely shaped body.
You cover ground very quickly.
You have extremely tough skin. (AC +3)


Message History

Press: ? - help, Shift-Dir - straight line, f/p - orc priest
Aim: an orc priest, wielding a +0 club You shoot an arrow.
The arrow barely misses the orc priest.
The orc priest hits you with a +0 club.
* * * LOW HITPOINT WARNING * * *
Firing (i - inventory)
d - 5 arrows (quivered)
Press: ? - help, Shift-Dir - straight line, f/p - orc priest
Aim: an orc priest, wielding a +0 club You shoot an arrow.
The arrow barely misses the orc priest.
The orc priest looks satisfied for a moment.
Firing (i - inventory)
d - 4 arrows (quivered)
Press: ? - help, Shift-Dir - straight line, f/p - orc priest
Aim: an orc priest, wielding a +0 club You shoot an arrow.
The arrow closely misses the orc priest.
You aren't carrying any potions.
b - a +0 short sword (weapon)
The orc priest calls down the wrath of Beogh upon you.
Beogh smites you!
You die...

..#...#.......# #.## #.#
#....)........#######..## #####.#
##.#.########...........###......
##....†........######.......###.#
####.########..## #)#####.###.# #
#.# ##.#.## #†##........# #
#.#######.###.## #.##........# #
#........## ##.# #.##........#
##.####.#.###@## #..)........#
#.# #.##.#o## ####.......## #.#
#.#...J.# #.......# #.#
#.##(.#... #.......## #.#
#.###....... ........... ... ...
...............##### #..
....(..............# #####.
............# #$ .......


You could see an orc priest and an ooze.

Vanquished Creatures
  An orc wizard (D:3)
  An iguana (D:3)
  An adder (D:2)
  A worm (D:3)
  4 dart slugs (D:1)
  A leopard gecko (D:2)
  5 orcs (D:3)
  7 bats
  3 giant cockroaches
  6 goblins
  2 hobgoblins
  3 frilled lizards
  2 kobolds
  3 rats (D:1)
40 creatures vanquished.

Notes
Turn   | Place    | Note
-------+----------+-------------------------------------------
     0 | D:1      | Emblim88 the Centaur Hunter began the quest for the Orb.
     0 | D:1      | Reached XP level 1. HP: 17/17 MP: 1/1
   117 | D:1      | Reached XP level 2. HP: 16/24 MP: 2/2
   239 | D:1      | Reached skill level 6 in Bows
   802 | D:2      | Reached XP level 3. HP: 29/29 MP: 3/3
   949 | D:2      | You fall into a shaft and drop 1 floor!
   976 | D:3      | Reached skill level 1 in Short Blades
   976 | D:3      | Reached XP level 4. HP: 21/36 MP: 4/4
  1919 | D:3      | Reached skill level 1 in Armour
  1925 | D:3      | Killed from afar by an orc priest

Levels and vault maps discovered:
D:1:      lemuel_arrival_muddy, layout_basic, minmay_statues_item
D:2:      layout_basic
D:3:      layout_loops_ring, first_ration

Skill      XL: |  1  2  3  4 |
---------------+-------------+-----
Bows           | 6 |  6.6
Short Blades   | 1 |  1.4
Armour         | 1 |  1.0
Fighting       | |  2.5
Dodging        | |  1.9
Stealth        | |  0.4

Action                   |  1- 3 |  4- 6 || total
-------------------------+-------+-------++-------
Melee: Short sword       |    65 |    42 ||   107
       Kick              |    11 |    10 ||    21
 Fire: Shortbow          |    20 |    25 ||    45
  Use: Potion            |       |     4 ||     4
  Eat: Chunk             |       |     1 ||     1
Armor: Leather armour    |    30 |    11 ||    41
Dodge: Dodged            |    60 |    29 ||    89

Table legend:
 A = Non-vault XP
 B = Vault XP
 C = Vault XP percentage of total XP
 D = Non-vault monster count
 E = Vault monster count
 F = Vault count percentage of total count
                 A         B        C        D         E       F
            +---------+---------+-------+---------+---------+-------
      Total |     171 |       0 |   0.0 |      40 |       0 |   0.0
            +---------+---------+-------+---------+---------+-------
        D:1 |      34 |       0 |   0.0 |      16 |       0 |   0.0
        D:2 |      36 |       0 |   0.0 |      13 |       0 |   0.0
        D:3 |     101 |       0 |   0.0 |      11 |       0 |   0.0
            +---------+---------+-------+---------+---------+-------
